[Event "25th Abu Dhabi Master 2018"]
[Site "Abu Dhabi"]
[Date "2018.08.07"]
[Round "1"]
[White "Pantsulaia, Levan"]
[Black "Mansour, Sameer"]
[Result "1-0"]
[ECO "E62"]
[WhiteElo "2587"]
[BlackElo "2275"]
[Annotator "ChessBase"]
[PlyCount "81"]
[EventDate "2018.08.05"]
[EventType "swiss"]
[EventCountry "UAE"]
[SourceTitle "playchess.com"]
[Source "ChessBase"]
[SourceQuality "1"]
[TimeControl "5400+30"]

1. Nf3 Nf6 2. g3 g6 3. Bg2 Bg7 4. c4 O-O 5. d4 d6 6. Nc3 c6 7. O-O Qa5 8. Nd2 Qh5 9. e4 c5 10. Qxh5 Nxh5 11. dxc5 Bxc3 12. bxc3 dxc5 13. Nb3 Na6 14. e5 Rb8 15. Na5 b6 16. Nc6 Rb7 17. Bg5 Re8 18. a4 Be6 19. Nd8 Rc7 20. Nxe6 fxe6 21. a5 Nb8 22. axb6 axb6 23. Ra8 Ng7 24. Rb1 Kf7 25. f4 Nd7 26. g4 Rxa8 27. Bxa8 Ne8 28. Bh6 Rc8 29. Be4 Nc7 30. Bc6 Nb8 31. Bb7 Rd8 32. Rxb6 Rd1+ 33. Kf2 Rd2+ 34. Kg3 Rd3+ 35. Kh4 Nd7 36. Rc6 Ne8 37. Bc8 g5+ 38. Kxg5 Nef6 39. exf6 exf6+ 40. Kh4 Kg6 41. Bxd7 1-0

[Event "25th Abu Dhabi Master 2018"]
[Site "Abu Dhabi"]
[Date "2018.08.07"]
[Round "1"]
[White "Fier, Alexandr"]
[Black "Alinasab, Mobina"]
[Result "1-0"]
[ECO "C06"]
[WhiteElo "2561"]
[BlackElo "2259"]
[Annotator "ChessBase"]
[PlyCount "179"]
[EventDate "2018.08.05"]
[EventType "swiss"]
[EventCountry "UAE"]
[SourceTitle "playchess.com"]
[Source "ChessBase"]
[SourceQuality "1"]
[TimeControl "5400+30"]

1. e4 e6 2. d4 d5 3. Nd2 Nf6 4. e5 Nfd7 5. Bd3 c5 6. c3 Nc6 7. Ne2 cxd4 8. cxd4 f6 9. exf6 Nxf6 10. Nf3 Bd6 11. O-O O-O 12. Bf4 Bxf4 13. Nxf4 Ng4 14. Qd2 Qf6 15. Nh5 Qh6 16. Qxh6 Nxh6 17. Rac1 Bd7 18. Rfe1 g6 19. Ng3 Nf7 20. Nf1 Rac8 21. Bb5 Rfe8 22. Ne3 Nb8 23. Bd3 Rxc1 24. Rxc1 Nc6 25. Ng4 Kg7 26. Bb5 Rc8 27. Bxc6 Rxc6 28. Rxc6 Bxc6 29. Nge5 Nd8 30. Kf1 Bb5+ 31. Ke1 b6 32. Kd2 Kf6 33. h4 Nb7 34. Ng5 h5 35. f3 Nd6 36. g4 Nc4+ 37. Nxc4 Bxc4 38. b3 Bb5 39. Ke3 e5 40. Nh3 Bd7 41. Nf2 Bb5 42. gxh5 gxh5 43. Nh1 Be8 44. Ng3 Bg6 45. b4 a6 46. a3 Be8 47. Ne2 Kf5 48. dxe5 Kxe5 49. Nd4 Bd7 50. f4+ Kf6 51. Kd2 Kg6 52. Kc3 Ba4 53. Kd3 Kf6 54. Ke2 Bd7 55. Kf3 Bg4+ 56. Ke3 Bd7 57. Ne2 Be8 58. Ng3 Ke6 59. Kd4 Bf7 60. a4 Be8 61. a5 bxa5 62. bxa5 Bf7 63. Kc5 Kf6 64. Kd4 Ke6 65. Ke3 Be8 66. Ne2 Bf7 67. Nd4+ Kf6 68. Kd3 Bg6+ 69. Kc3 Be4 70. Kb4 Bd3 71. Kc5 Bc4 72. Kb6 Bd3 73. Kc6 Bc4 74. Kc5 Ba2 75. Kb4 Bb1 76. Kc3 Bg6 77. Nc6 Be8 78. Nb4 Bb5 79. Nxd5+ Kf5 80. Kd4 Bd7 81. Ke3 Be6 82. Nb4 Bc4 83. Nc6 Bf7 84. Nb4 Kg4 85. Nxa6 Kxh4 86. Nc7 Bc4 87. a6 Bxa6 88. Nxa6 Kg3 89. Nc5 h4 90. Ne4+ 1-0

[Event "25th Abu Dhabi Master 2018"]
[Site "Abu Dhabi"]
[Date "2018.08.07"]
[Round "1"]
[White "Debashis, Das"]
[Black "Rayes, Abdul Kader"]
[Result "1-0"]
[ECO "D46"]
[WhiteElo "2539"]
[BlackElo "2242"]
[Annotator "ChessBase"]
[PlyCount "128"]
[EventDate "2018.08.05"]
[EventType "swiss"]
[EventCountry "UAE"]
[SourceTitle "playchess.com"]
[Source "ChessBase"]
[SourceQuality "1"]
[TimeControl "5400+30"]

1. d4 e6 2. c4 d5 3. Nc3 c6 4. e3 Nf6 5. Nf3 Nbd7 6. Bd3 b6 7. O-O Bb7 8. b3 Be7 9. Bb2 O-O 10. Qe2 Re8 11. Rfd1 Rc8 12. e4 dxe4 13. Nxe4 Qc7 14. Nxf6+ Bxf6 15. c5 g6 16. b4 Bg7 17. Bc4 Rcd8 18. a3 a5 19. Rac1 b5 20. Bb3 Nf6 21. Rc2 Nd5 22. Qe1 a4 23. Ba2 f6 24. Re2 Bc8 25. Nd2 Qf7 26. Ne4 Bf8 27. g3 Be7 28. Rd3 f5 29. Nd2 Bf6 30. Nf3 Qc7 31. Bc1 Re7 32. Bh6 Rde8 33. Qd2 Bd7 34. Bg5 Bxg5 35. Qxg5 Bc8 36. h4 Qd8 37. Ne5 Bb7 38. Nf3 Rd7 39. Qc1 Qf6 40. Ne5 Rdd8 41. Rd1 Kg7 42. Rde1 Re7 43. Nf3 Bc8 44. Re5 Nc7 45. Qf4 h6 46. R5e2 Bb7 47. Kg2 Nd5 48. Bxd5 Rxd5 49. Re5 Rd8 50. Qe3 Bc8 51. Re2 Ree8 52. Qd3 Re7 53. Qe3 Ree8 54. Kg1 Bd7 55. Qf4 Re7 56. d5 cxd5 57. Nd4 Rc8 58. Qe3 Rb8 59. Rxd5 Be8 60. Rd6 g5 61. hxg5 hxg5 62. Qf3 Bf7 63. Nxf5+ Kf8 64. Nd4 Qxf3 1-0

[Event "25th Abu Dhabi Master 2018"]
[Site "Abu Dhabi"]
[Date "2018.08.07"]
[Round "1"]
[White "Erigaisi, Arjun"]
[Black "Sharma, Dushyant"]
[Result "1-0"]
[ECO "D35"]
[WhiteElo "2517"]
[BlackElo "2221"]
[Annotator "ChessBase"]
[PlyCount "67"]
[EventDate "2018.08.05"]
[EventType "swiss"]
[EventCountry "UAE"]
[SourceTitle "playchess.com"]
[Source "ChessBase"]
[SourceQuality "1"]
[TimeControl "5400+30"]

1. c4 e6 2. Nc3 d5 3. d4 Nf6 4. cxd5 exd5 5. Bg5 Be7 6. e3 O-O 7. Bd3 c6 8. Qc2 h6 9. Bh4 Be6 10. Nge2 Nbd7 11. Nf4 Rc8 12. Rd1 Re8 13. O-O Bd6 14. Nxe6 fxe6 15. e4 e5 16. dxe5 Bxe5 17. exd5 cxd5 18. Bg6 Rf8 19. Qf5 Bxc3 20. bxc3 Nb6 21. Qh3 Rc6 22. Rd3 Qc7 23. Bf5 Qf7 24. Rf3 Kh8 25. Bc2 Qd7 26. Qg3 Qe8 27. Rd1 d4 28. Bxf6 Rfxf6 29. Rxf6 Rxf6 30. Qd3 Kg8 31. Qh7+ Kf8 32. Qh8+ Kf7 33. Bb3+ Re6 34. Qxe8+ 1-0

[Event "25th Abu Dhabi Master 2018"]
[Site "Abu Dhabi"]
[Date "2018.08.07"]
[Round "1"]
[White "Kuybokarov, Temur"]
[Black "Samant, Aditya S"]
[Result "1-0"]
[ECO "A40"]
[WhiteElo "2499"]
[BlackElo "2217"]
[Annotator "RC"]
[PlyCount "90"]
[EventDate "2018.08.05"]
[EventType "swiss"]
[EventCountry "UAE"]
[SourceTitle "playchess.com"]
[Source "ChessBase"]
[SourceQuality "1"]
[TimeControl "5400+30"]

1. d4 Nf6 2. c4 e6 3. g3 Bb4+ 4. Bd2 a5 5. Nf3 d5 6. Qc2 O-O 7. Bg2 c6 8. O-O Nbd7 9. Rd1 Be7 10. Bf4 Ne4 11. Ne5 f5 12. f3 Nxe5 13. Bxe5 Nd6 14. Bxd6 Bxd6 15. e4 f4 16. e5 Be7 17. g4 Bh4 18. c5 Qg5 19. Nc3 Bd7 20. Rd2 Be8 21. Bf1 h5 22. Bh3 b6 23. cxb6 c5 24. dxc5 Qxe5 25. Kg2 d4 26. Ne2 Rd8 27. Rad1 d3 28. Rxd3 Bg6 29. gxh5 Bxd3 30. Rxd3 Rxd3 31. Qxd3 Qxc5 32. Bxe6+ Kh8 33. b7 Qf2+ 34. Kh3 Be7 35. Nc3 Rd8 36. Nd5 Qh4+ 37. Kg2 Qg5+ 38. Bg4 Qe5 39. b3 Bd6 40. Nb6 Bc7 41. Nd7 Qb2+ 42. Kh3 Qf2 43. h6 Qe3 44. Qc4 Rxd7 45. Qxc7 Qd2 1-0

[Event "25th Abu Dhabi Master 2018"]
[Site "Abu Dhabi"]
[Date "2018.08.07"]
[Round "1"]
[White "Kunte, Abhijit"]
[Black "Sahil, Tickoo"]
[Result "1-0"]
[ECO "D02"]
[WhiteElo "2485"]
[BlackElo "2192"]
[Annotator "RC"]
[PlyCount "91"]
[EventDate "2018.08.05"]
[EventType "swiss"]
[EventCountry "UAE"]
[SourceTitle "playchess.com"]
[Source "ChessBase"]
[SourceQuality "1"]
[TimeControl "5400+30"]

1. Nf3 d5 2. d4 Nf6 3. c4 e6 4. g3 Bb4+ 5. Bd2 Bd6 6. Bg2 O-O 7. O-O c6 8. b3 Ne4 9. Nc3 Nxd2 10. Qxd2 f5 11. a3 Nd7 12. e3 Nf6 13. Ne5 Ne4 14. Qb2 Qf6 15. Ne2 Qe7 16. Rfc1 Bd7 17. b4 Rab8 18. Nf4 b5 19. c5 Bc7 20. f3 Ng5 21. Nfd3 Nf7 22. a4 a5 23. bxa5 bxa4 24. Qd2 Rb5 25. Rxa4 Ra8 26. Nxf7 Qxf7 27. a6 Ra7 28. Bf1 Rb8 29. f4 Qe8 30. Rca1 Qc8 31. Ne5 Be8 32. Rb4 Rba8 33. Qa2 Rb8 34. Rab1 Rxb4 35. Rxb4 h6 36. Rb6 Bxe5 37. fxe5 Qd8 38. Qb3 Ra8 39. Rb7 Bd7 40. Qb6 Qg5 41. Rb8+ Kh7 42. Kf2 Rxb8 43. Qxb8 Qh5 44. a7 Qxh2+ 45. Bg2 f4 46. exf4 1-0

[Event "25th Abu Dhabi Master 2018"]
[Site "Abu Dhabi"]
[Date "2018.08.07"]
[Round "1"]
[White "Vignesh, NR."]
[Black "Adnan, Habib Hana"]
[Result "1-0"]
[ECO "B44"]
[WhiteElo "2464"]
[BlackElo "2220"]
[Annotator "RC"]
[PlyCount "58"]
[EventDate "2018.08.05"]
[EventType "swiss"]
[EventCountry "UAE"]
[SourceTitle "playchess.com"]
[Source "ChessBase"]
[SourceQuality "1"]
[TimeControl "5400+30"]

1. e4 c5 2. Nf3 e6 3. d4 cxd4 4. Nxd4 Nc6 5. Nxc6 bxc6 6. Bd3 d5 7. O-O Nf6 8. Qe2 Bb7 9. exd5 cxd5 10. Bb5+ Nd7 11. c4 Bd6 12. cxd5 O-O 13. Bc6 Bxc6 14. dxc6 Ne5 15. Rd1 Nxc6 16. Nc3 Qe7 17. Be3 Rfc8 18. Rac1 Rab8 19. Qa6 Bc7 20. Nd5 exd5 21. Rxc6 Rd8 22. Qxa7 Rb7 23. Qc5 Bd6 24. Qc2 Qe5 25. g3 Rxb2 26. Rxd6 Rdb8 27. Qc7 Qe8 28. R6xd5 Rb1 29. Qc2 R1b2 1-0

[Event "25th Abu Dhabi Master 2018"]
[Site "Abu Dhabi"]
[Date "2018.08.07"]
[Round "1"]
[White "Nguyen, Anh Khoi"]
[Black "Senthil, Maran K"]
[Result "1-0"]
[ECO "A41"]
[WhiteElo "2454"]
[BlackElo "2167"]
[Annotator "RC"]
[PlyCount "75"]
[EventDate "2018.08.05"]
[EventType "swiss"]
[EventCountry "UAE"]
[SourceTitle "playchess.com"]
[Source "ChessBase"]
[SourceQuality "1"]
[TimeControl "5400+30"]

1. d4 d6 2. c4 e5 3. Nc3 exd4 4. Qxd4 Nf6 5. b3 Nc6 6. Qd2 g6 7. Bb2 Bg7 8. g3 O-O 9. Bg2 a5 10. Nf3 Bf5 11. Nh4 Be6 12. Rc1 Nd7 13. O-O Nc5 14. Nd5 Bxd5 15. cxd5 Ne5 16. Bc3 f5 17. Bxa5 g5 18. Nf3 Ne4 19. Qe1 b6 20. Bb4 Ng4 21. a4 Qe7 22. e3 Rae8 23. Rc4 Qf7 24. Qc1 Qh5 25. Rxc7 f4 26. exf4 Bd4 27. Qd1 Bxf2+ 28. Rxf2 Nexf2 29. Qd4 Rf6 30. fxg5 Rf7 31. Rxf7 Kxf7 32. h4 Qg6 33. Bf1 Ne4 34. Bd3 Qf5 35. Nd2 Ngf2 36. Nxe4 Nxe4 37. Bxd6 Qg4 38. Bf4 1-0

[Event "25th Abu Dhabi Master 2018"]
[Site "Abu Dhabi"]
[Date "2018.08.07"]
[Round "1"]
[White "Halvax, Georg"]
[Black "Ajay, Karthikeyan"]
[Result "1-0"]
[ECO "E73"]
[WhiteElo "2437"]
[BlackElo "2156"]
[Annotator "NA"]
[PlyCount "75"]
[EventDate "2018.08.05"]
[EventType "swiss"]
[EventCountry "UAE"]
[SourceTitle "playchess.com"]
[Source "ChessBase"]
[SourceQuality "1"]
[TimeControl "5400+30"]

1. d4 Nf6 2. c4 g6 3. Nc3 Bg7 4. e4 d6 5. Be2 O-O 6. Be3 e5 7. d5 Na6 8. g4 Nc5 9. f3 h5 10. h3 c6 11. Qd2 cxd5 12. cxd5 Bd7 13. Nd1 Rc8 14. Nf2 Na4 15. Qb4 Nc5 16. Qa3 a5 17. Rc1 b5 18. b4 Na4 19. Rxc8 Qxc8 20. bxa5 Qc7 21. Qb4 Ra8 22. Bd2 h4 23. Bd3 Nh7 24. Ne2 Bf6 25. O-O Bg5 26. f4 exf4 27. Nxf4 Nc5 28. Rc1 Qa7 29. Kg2 Nf6 30. Bb1 Nb7 31. e5 dxe5 32. Nxg6 Bxd2 33. Qxd2 fxg6 34. Qg5 Be8 35. Bxg6 Nh7 36. Bxh7+ Kxh7 37. Rc7+ Kh8 38. Qg7# 1-0

[Event "25th Abu Dhabi Master 2018"]
[Site "Abu Dhabi"]
[Date "2018.08.07"]
[Round "1"]
[White "Sundararajan, Kidambi"]
[Black "Ivana Maria, Furtado"]
[Result "1-0"]
[ECO "E40"]
[WhiteElo "2433"]
[BlackElo "2146"]
[Annotator "NA RC"]
[PlyCount "41"]
[EventDate "2018.08.05"]
[EventType "swiss"]
[EventCountry "UAE"]
[SourceTitle "playchess.com"]
[Source "ChessBase"]
[SourceQuality "1"]
[TimeControl "5400+30"]

1. c4 Nf6 2. Nc3 e6 3. d4 Bb4 4. e3 d5 5. a3 Bxc3+ 6. bxc3 O-O 7. cxd5 exd5 8. Bd3 c5 9. Ne2 c4 10. Bc2 Ne4 11. f3 Nd6 12. O-O f5 13. Nf4 Qa5 14. a4 Rd8 15. Ba3 Nc6 16. Qe1 g5 17. Nh5 Ne8 18. e4 dxe4 19. fxe4 f4 20. e5 Qd5 21. Qg3 1-0

[Event "25th Abu Dhabi Master 2018"]
[Site "Abu Dhabi"]
[Date "2018.08.07"]
[Round "1"]
[White "Sadhwani, Raunak"]
[Black "Isha, Sharma"]
[Result "1-0"]
[ECO "C41"]
[WhiteElo "2424"]
[BlackElo "2145"]
[Annotator "NA"]
[PlyCount "117"]
[EventDate "2018.08.05"]
[EventType "swiss"]
[EventCountry "UAE"]
[SourceTitle "playchess.com"]
[Source "ChessBase"]
[SourceQuality "1"]
[TimeControl "5400+30"]

1. e4 d6 2. d4 Nf6 3. Nc3 e5 4. Nf3 Nbd7 5. Bc4 Be7 6. O-O O-O 7. a4 c6 8. Ba2 a5 9. Re1 exd4 10. Nxd4 Nc5 11. h3 Re8 12. Nb3 Ne6 13. Be3 Bf8 14. Nd2 Nc5 15. Qf3 Be6 16. Bxe6 Nxe6 17. Rad1 Qc7 18. Nc4 Nd7 19. Qg3 Ne5 20. Na3 f6 21. f4 Nd7 22. Qf3 Nec5 23. Bf2 Kh8 24. Re2 Qb6 25. Nc4 Qc7 26. Red2 Re6 27. b3 Rd8 28. Kh1 Rde8 29. Rd4 Rd8 30. Bg3 b6 31. R4d2 Nb7 32. f5 Ree8 33. Nxd6 Bxd6 34. Bxd6 Nxd6 35. Rxd6 Ne5 36. Rxd8 Rxd8 37. Qe2 Kg8 38. Rxd8+ Qxd8 39. Qd1 Qe7 40. Ne2 Nd7 41. Qd4 Nc5 42. Nc3 Kf8 43. g3 g6 44. Kg2 Kg7 45. g4 gxf5 46. exf5 Qe1 47. g5 Qe5 48. Qxe5 fxe5 49. Kf3 Kf7 50. Ne4 Nb7 51. h4 b5 52. h5 bxa4 53. bxa4 Kg7 54. Kg4 Nd8 55. f6+ Kg8 56. Kf5 Nf7 57. g6 hxg6+ 58. hxg6 Nh8 59. Ng5 1-0

[Event "25th Abu Dhabi Master 2018"]
[Site "Abu Dhabi"]
[Date "2018.08.07"]
[Round "1"]
[White "G, Akash"]
[Black "Sultan, Ibrahim"]
[Result "1-0"]
[ECO "C11"]
[WhiteElo "2410"]
[BlackElo "2140"]
[Annotator "NA"]
[PlyCount "37"]
[EventDate "2018.08.05"]
[EventType "swiss"]
[EventCountry "UAE"]
[SourceTitle "playchess.com"]
[Source "ChessBase"]
[SourceQuality "1"]
[TimeControl "5400+30"]

1. e4 e6 2. d4 d5 3. Nc3 Nf6 4. e5 Nfd7 5. f4 c5 6. Nf3 Be7 7. Be3 b6 8. Qd2 O-O 9. O-O-O c4 10. f5 b5 11. f6 gxf6 12. Bh6 fxe5 13. dxe5 Qa5 14. Qf4 f5 15. g4 Rf7 16. Rg1 Kh8 17. gxf5 Qd8 18. Rh1 Bf8 19. Ng1 1-0

[Event "25th Abu Dhabi Master 2018"]
[Site "Abu Dhabi"]
[Date "2018.08.07"]
[Round "1"]
[White "Raghunandan, Kaumandur Srihari"]
[Black "Al Hosani, Omran"]
[Result "1-0"]
[ECO "A05"]
[WhiteElo "2404"]
[BlackElo "2135"]
[Annotator "NA"]
[PlyCount "119"]
[EventDate "2018.08.05"]
[EventType "swiss"]
[EventCountry "UAE"]
[SourceTitle "playchess.com"]
[Source "ChessBase"]
[SourceQuality "1"]
[TimeControl "5400+30"]

1. Nf3 Nf6 2. c4 g6 3. Nc3 d5 4. cxd5 Nxd5 5. Qb3 Nb6 6. d4 Bg7 7. Bf4 O-O 8. Rd1 Nc6 9. d5 Na5 10. Qc2 Nac4 11. Bc1 Bg4 12. e4 Qd6 13. Be2 Qb4 14. O-O c6 15. dxc6 bxc6 16. Nd4 Bxe2 17. Ncxe2 e5 18. Nf3 Nd6 19. Ng3 Qc4 20. Qxc4 Ndxc4 21. b3 Na5 22. Ba3 Rfe8 23. Rc1 Rac8 24. Rc3 f5 25. Rfc1 Bh6 26. Re1 f4 27. Nf1 Nb7 28. Rec1 Re6 29. h4 Nd8 30. N1h2 Nf7 31. Ng4 Bg7 32. Ng5 Nxg5 33. hxg5 a5 34. Rc5 a4 35. Ra5 axb3 36. axb3 Ra8 37. Rxa8+ Nxa8 38. Rd1 Nc7 39. Rd8+ Re8 40. Rd7 Ra8 41. Be7 Ne8 42. Bf6 h5 43. Bxg7 hxg4 44. Bxe5 f3 45. gxf3 gxf3 46. Kh2 Ra5 47. Bf4 Rb5 48. Rd3 Rb4 49. Re3 Ng7 50. Kg3 Ne6 51. Kxf3 Nd4+ 52. Kg4 Nxb3 53. Bd6 c5 54. Kf4 Kf7 55. Ke5 Nd2 56. Bxc5 Rb5 57. Rc3 Rb8 58. Kf4 Ke6 59. Rd3 Nc4 60. Rd4 {[%emt 0:00:08] Kd5} 1-0

[Event "25th Abu Dhabi Master 2018"]
[Site "Abu Dhabi"]
[Date "2018.08.07"]
[Round "1"]
[White "Muthaiah, Al"]
[Black "Hakobyan, Eduard"]
[Result "1-0"]
[ECO "D00"]
[WhiteElo "2391"]
[BlackElo "2134"]
[Annotator "NA"]
[PlyCount "67"]
[EventDate "2018.08.05"]
[EventType "swiss"]
[EventCountry "UAE"]
[SourceTitle "playchess.com"]
[Source "ChessBase"]
[SourceQuality "1"]
[TimeControl "5400+30"]

1. d4 d5 2. Bf4 Nf6 3. e3 Bf5 4. Bd3 Bxd3 5. cxd3 e6 6. Qb3 Qc8 7. Nc3 c6 8. Rc1 Na6 9. Nf3 Be7 10. O-O O-O 11. e4 Nb4 12. Qd1 dxe4 13. dxe4 Qd8 14. Qe2 Qa5 15. a3 Na6 16. Ne5 Nb8 17. b4 Qd8 18. Nc4 Ne8 19. Rfd1 Nd6 20. Bxd6 Bxd6 21. d5 exd5 22. exd5 Qc7 23. Nxd6 Qxd6 24. dxc6 Qxc6 25. Nd5 Qh6 26. Nc7 Nc6 27. Nxa8 Rxa8 28. Qe3 Qh5 29. Qc5 Qh4 30. b5 Nd8 31. Qd4 Qg5 32. h4 Qe7 33. Qd7 Qf8 34. Rc8 1-0

[Event "25th Abu Dhabi Master 2018"]
[Site "Abu Dhabi"]
[Date "2018.08.07"]
[Round "1"]
[White "Krishna Teja, N."]
[Black "Villanueva, Nelson"]
[Result "1-0"]
[ECO "D97"]
[WhiteElo "2389"]
[BlackElo "2133"]
[Annotator "NA"]
[PlyCount "81"]
[EventDate "2018.08.05"]
[EventType "swiss"]
[EventCountry "UAE"]
[SourceTitle "playchess.com"]
[Source "ChessBase"]
[SourceQuality "1"]
[TimeControl "5400+30"]

1. d4 Nf6 2. c4 g6 3. Nc3 d5 4. Nf3 Bg7 5. Qb3 dxc4 6. Qxc4 O-O 7. e4 Nc6 8. h3 Nd7 9. Be3 Nb6 10. Qc5 f5 11. e5 e6 12. Rd1 a6 13. Be2 h6 14. d5 exd5 15. Nxd5 Nxd5 16. Bc4 Nce7 17. Bxd5+ Nxd5 18. Rxd5 Qe8 19. Qxc7 Be6 20. Rd6 f4 21. Bd2 Rc8 22. Qxb7 Bc4 23. Bc3 Bb5 24. Qd5+ Kh7 25. Kd2 Bc4 26. Qe4 Bxa2 27. Ra1 Rd8 28. Qd3 Bb3 29. Raxa6 Rxd6 30. Rxd6 Rf5 31. Rxg6 Qxg6 32. Nh4 Qb6 33. Qxf5+ Kg8 34. Qxf4 Qd8+ 35. Qd4 Qg5+ 36. Ke2 Qc1 37. Qd8+ Bf8 38. Qd3 Bc5 39. Nf5 Qf4 40. Qd8+ Bf8 41. Ne7+ 1-0

[Event "25th Abu Dhabi Master 2018"]
[Site "Abu Dhabi"]
[Date "2018.08.07"]
[Round "1"]
[White "Raetsky, Alexander"]
[Black "Byron, Alan M"]
[Result "1-0"]
[ECO "A45"]
[WhiteElo "2380"]
[BlackElo "2132"]
[Annotator "NA"]
[PlyCount "81"]
[EventDate "2018.08.05"]
[EventType "swiss"]
[EventCountry "UAE"]
[SourceTitle "playchess.com"]
[Source "ChessBase"]
[SourceQuality "1"]
[TimeControl "5400+30"]

1. d4 Nf6 2. g3 g6 3. Bg2 Bg7 4. e4 d6 5. Nc3 O-O 6. Nge2 e5 7. h3 Nc6 8. Be3 a6 9. O-O b5 10. d5 Ne7 11. b4 Nh5 12. a4 Bd7 13. axb5 axb5 14. Qd3 f5 15. Rxa8 Qxa8 16. Bg5 Bf6 17. Bh6 Rb8 18. Bd2 Bg7 19. f4 Kh8 20. Kh2 Qa3 21. Rb1 Qa6 22. Rb2 Nf6 23. Ra2 fxe4 24. Rxa6 exd3 25. cxd3 Ne8 26. fxe5 Bxe5 27. d4 Bg7 28. g4 Nc8 29. Ne4 Nb6 30. Ng5 Nc4 31. Bc1 Bc8 32. Ra7 Rb7 33. Ra2 Kg8 34. Ne6 Bf6 35. g5 Be7 36. h4 Rb8 37. Nc3 c6 38. Ra7 Bf8 39. Nxf8 Kxf8 40. dxc6 Be6 41. Rxh7 1-0

[Event "25th Abu Dhabi Master 2018"]
[Site "Abu Dhabi"]
[Date "2018.08.07"]
[Round "1"]
[White "Kathmale, Sameer"]
[Black "Al Hajiri, Bader"]
[Result "1-0"]
[ECO "C42"]
[WhiteElo "2367"]
[BlackElo "2120"]
[Annotator "NA"]
[PlyCount "49"]
[EventDate "2018.08.05"]
[EventType "swiss"]
[EventCountry "UAE"]
[SourceTitle "playchess.com"]
[Source "ChessBase"]
[SourceQuality "1"]
[TimeControl "5400+30"]

1. e4 e5 2. Nf3 Nf6 3. Nxe5 d6 4. Nf3 Nxe4 5. Bd3 Nf6 6. O-O Be7 7. c3 Nc6 8. Bc2 Bg4 9. h3 Bh5 10. d4 Qd7 11. Re1 O-O-O 12. Ba4 d5 13. Bxc6 bxc6 14. Nbd2 Bd6 15. Qa4 Rde8 16. Ne5 Qf5 17. Nb3 Ne4 18. Qa6+ Kd8 19. Nxc6+ Kd7 20. Be3 Re6 21. Qb5 Kc8 22. Nxa7+ Kd8 23. Nc6+ Kc8 24. Nc5 Bxc5 25. dxc5 1-0

[Event "25th Abu Dhabi Master 2018"]
[Site "Abu Dhabi"]
[Date "2018.08.07"]
[Round "1"]
[White "Wagh, Suyog"]
[Black "Priyanka, Kumari"]
[Result "0-1"]
[ECO "E68"]
[WhiteElo "2356"]
[BlackElo "2005"]
[Annotator "NA"]
[PlyCount "92"]
[EventDate "2018.08.05"]
[EventType "swiss"]
[EventCountry "UAE"]
[SourceTitle "playchess.com"]
[Source "ChessBase"]
[SourceQuality "1"]
[TimeControl "5400+30"]

1. d4 Nf6 2. c4 g6 3. g3 Bg7 4. Bg2 d6 5. Nf3 O-O 6. Nc3 Nbd7 7. O-O e5 8. e4 c6 9. Re1 Re8 10. h3 a6 11. a4 exd4 12. Nxd4 a5 13. Be3 Nc5 14. Qc2 Qc7 15. Rad1 Bd7 16. Rd2 Rad8 17. Red1 Bc8 18. f3 Bf8 19. Bf2 Ne6 20. Nde2 h5 21. Be3 Nd7 22. f4 Nec5 23. Bf2 Qb6 24. e5 dxe5 25. f5 Qb3 26. Qb1 Kg7 27. fxg6 fxg6 28. Ne4 Nxe4 29. Bxe4 Re6 30. Nc3 Qxc4 31. Kg2 Qb4 32. Qa2 Qe7 33. Bb6 Re8 34. Be3 Nf6 35. Bc2 Qc7 36. Qb1 Nd7 37. Ne4 Nb6 38. Bb3 R6e7 39. Bg5 Rd7 40. Bf6+ Kh7 41. Ng5+ Kh6 42. Qc1 Rxd2+ 43. Qxd2 Qd7 44. Bg8 Qxd2+ 45. Rxd2 Re7 46. Rd8 Nd7 0-1

[Event "25th Abu Dhabi Master 2018"]
[Site "Abu Dhabi"]
[Date "2018.08.07"]
[Round "1"]
[White "Rapport, Jovana"]
[Black "Salonika, Saina"]
[Result "1/2-1/2"]
[ECO "A49"]
[WhiteElo "2354"]
[BlackElo "2069"]
[Annotator "NA"]
[PlyCount "68"]
[EventDate "2018.08.05"]
[EventType "swiss"]
[EventCountry "UAE"]
[SourceTitle "playchess.com"]
[Source "ChessBase"]
[SourceQuality "1"]
[TimeControl "5400+30"]

1. d4 Nf6 2. Nf3 g6 3. g3 Bg7 4. Bg2 O-O 5. O-O c5 6. dxc5 Na6 7. Be3 Qc7 8. Nc3 Nxc5 9. Nb5 Qc6 10. Nfd4 Qb6 11. a4 Ng4 12. Bg5 Qd8 13. b4 Na6 14. h3 h6 15. Bd2 Ne5 16. Rb1 Nc7 17. Qc1 Kh7 18. c4 d6 19. Nxc7 Qxc7 20. c5 a6 21. Qc2 Bd7 22. Rfc1 Rac8 23. Qb3 Nc6 24. Nc2 Be6 25. Qa3 Qd7 26. cxd6 Bxh3 27. Bxh3 Qxh3 28. dxe7 Nxe7 29. Ne1 Nf5 30. Rxc8 Rxc8 31. Qd3 Nd4 32. e3 Ne6 33. Qe4 Ng5 34. Qd5 Rc7 1/2-1/2

[Event "25th Abu Dhabi Master 2018"]
[Site "Abu Dhabi"]
[Date "2018.08.07"]
[Round "1"]
[White "Tokhirjonova, Gulrukhbegim"]
[Black "Polakhare, Aryan"]
[Result "0-1"]
[ECO "B41"]
[WhiteElo "2350"]
[BlackElo "1957"]
[Annotator "NA"]
[PlyCount "98"]
[EventDate "2018.08.05"]
[EventType "swiss"]
[EventCountry "UAE"]
[SourceTitle "playchess.com"]
[Source "ChessBase"]
[SourceQuality "1"]
[TimeControl "5400+30"]

1. e4 c5 2. Nf3 e6 3. d4 cxd4 4. Nxd4 a6 5. c4 d5 6. exd5 exd5 7. Nc3 Nf6 8. Bg5 dxc4 9. Bxc4 Be7 10. O-O O-O 11. Re1 b5 12. Qf3 Ra7 13. Bb3 Qxd4 14. Be3 Qd7 15. Rad1 Qc7 16. Bxa7 Qxa7 17. h3 Bc5 18. Ne4 Nxe4 19. Rxe4 Nd7 20. Re8 Nf6 21. Rxf8+ Bxf8 22. Qf4 Qb6 23. Rc1 Be6 24. Bxe6 Qxe6 25. b3 h6 26. Qb8 Nd7 27. Qc8 a5 28. Qa8 a4 29. bxa4 Nb6 30. Qa5 bxa4 31. Rb1 Nd5 32. Rb8 Nf6 33. Rd8 Qxa2 34. Qc5 Nh7 35. Ra8 a3 36. Kh2 Qb2 37. f4 g6 38. Qc4 Kg7 39. Ra7 Qf6 40. Ra6 Qe7 41. Qd4+ Kg8 42. Qc3 Qe4 43. Qc7 Qd5 44. Qc2 Bd6 45. Ra4 Nf6 46. Qc8+ Kg7 47. Qc3 g5 48. Rd4 Bxf4+ 49. Kg1 Be5 0-1

[Event "25th Abu Dhabi Master 2018"]
[Site "Abu Dhabi"]
[Date "2018.08.07"]
[Round "1"]
[White "Padmini, Rout"]
[Black "Fedoseev, Vladimir"]
[Result "0-1"]
[ECO "B07"]
[WhiteElo "2338"]
[BlackElo "2152"]
[Annotator "NA"]
[PlyCount "74"]
[EventDate "2018.08.05"]
[EventType "swiss"]
[EventCountry "UAE"]
[SourceTitle "playchess.com"]
[Source "ChessBase"]
[SourceQuality "1"]
[TimeControl "5400+30"]

1. e4 d6 2. d4 Nf6 3. Nc3 Nc6 4. f3 e5 5. d5 Ne7 6. Bc4 c6 7. Bg5 b5 8. Bb3 b4 9. Na4 cxd5 10. exd5 h6 11. Bxf6 gxf6 12. Ne2 h5 13. Qd2 Rb8 14. Bc4 Bh6 15. f4 Ng6 16. g3 Bg4 17. O-O-O Qa5 18. b3 exf4 19. Nxf4 Bxd1 20. Rxd1 h4 21. Kb1 Ne5 22. Nb2 hxg3 23. hxg3 Bg5 24. Qe2 Kf8 25. Nfd3 Re8 26. Nxe5 Rxe5 27. Qg4 Qb6 28. Nd3 Re7 29. Nf4 Rh2 30. Nh3 Rd2 31. Rf1 Qe3 32. Nxg5 Qxg5 33. Qc8+ Re8 34. Qh3 Kg7 35. Bd3 Rh8 36. Qd7 Rhh2 37. Qxd6 Rhf2 0-1